 Dungeon Sprint DCSS version 0.24-a0-132-ge4b1dce (webtiles) character file.

Game seed: 4408457059420898477

444 Faca the Spear-Bearer (level 7, -1/68 HPs)
             Began as a Merfolk Gladiator on Feb 27, 2019.
             Was an Initiate of Uskayaw.
             Slain by Sonja
             ... wielding a +0 dagger of distortion
              (20 damage)
             ... in the Dungeon (Sprint I: "Red Sonja").
             The game lasted 00:01:55 (675 turns).

Faca the Spear-Bearer (Merfolk Gladiator)            Turns: 675, Time: 00:01:56

Health: -1/68      AC:  8    Str: 14    XL:     7   Next: 3%
Magic:  7/7        EV: 11    Int:  8    God:    Uskayaw [......]
Gold:   18         SH:  0    Dex: 17    Spells: 6/6 levels left

rFire    . . .     SeeInvis .   a - +0 trident
rCold    + . .     Gourm    .   (no shield)
rNeg     + . .     Faith    .   j - +1 scale mail of the Thunderstorm {rPois rC+ rN+}
rPois    +         Spirit   .   c - +0 helmet
rElec    .         Reflect  .   (no cloak)
rCorr    .         Harm     .   (no gloves)
MR       .....     NoTele   +   (no boots)
Stlth    ..........             (no amulet)
HPRegen  0.21/turn              (no ring)
MPRegen  0.10/turn              (no ring)

@: lethally poisoned (-1 -> -2), hasted and slowed
A: change form in water, swift swim, stealthy swim
a: Renounce Religion


You were in the Dungeon.
You worshipped Uskayaw.
Uskayaw was noncommittal.
You were not hungry.

You visited 1 branch You collected 297 gold pieces.
You spent 279 gold pieces at shops.

Inventory:

Hand Weapons
 a - a +0 trident (weapon)
Missiles
 d - 3 throwing nets (quivered)
Armour
 c - a +0 helmet (worn)
 j - the +1 scale mail of the Thunderstorm (worn) {rPois rC+ rN+}
   (You bought it in a shop in the Dungeon)

   It protects you from cold.
   It protects you from poison.
   It protects you from negative energy.
Scrolls
 k - a scroll of blinking
 m - a scroll of identify {unknown}
Potions
 g - a potion of heal wounds
 i - 2 potions of magic
Comestibles
 f - a ration


   Skills:
 + Level 11.2 Fighting
 + Level 14.4 Polearms
 - Level 2.0 Throwing
 - Level 4.0 Dodging


You had 6 spell levels left.
You didn't know any spells.
Your spell library was empty.

Dungeon Overview and Level Annotations

Branches:
Dungeon (1/1)

Altars:
Cheibriados
Dithmenos
Elyvilon
Fedhas
Gozag
Hepliaklqana
Kikubaaqudgha
Nemelex Xobeh
Okawaru
Qazlal
Ru
Sif Muna
Trog
Uskayaw
Vehumet
Wu Jian
Yredelemnul
Zin
The Shining One

Shops:
D [

Annotations:
D Sonja


Message History

Sonja says, "I'm academy-trained, you know."
Sonja shoots a curare-tipped needle.
The curare-tipped needle hits you.
Sonja shoots a curare-tipped needle.
The curare-tipped needle hits you.
You are poisoned.
You have difficulty breathing.
You feel as though you will be slow longer.
You feel sick.
Sonja unwields a +2 blowgun.
Sonja wields a +0 dagger of distortion.
Its appearance distorts for a moment.
Sonja hits you but does no damage. Space warps horribly around you!
* * * LOW HITPOINT WARNING * * *
Sonja hits you but does no damage. Sonja closely misses you.
There is an open door here.
You hit Sonja.
Sonja is lightly wounded.
Sonja completely misses you.
Sonja hits you with a +0 dagger of distortion.
* * * LOW HITPOINT WARNING * * *
You feel a strange sense of stasis. Sonja hits you but does no damage.
Space warps horribly around you!!
You die...

#<.#..').#..'..#
#..[..#..').#..+
#..#####'#####'#
#..####..#...#:#
#..#__####..##.#
#..#_____##'#_.+
#⌠⌠#_.∩.[.'.(._#
####_..__##_(#'#
#_____###@#)#
####### #K###
$.$ #$.$# ##.##
#+#


You could see Sonja.

Vanquished Creatures
  A yak (D)
  Sigmund (D)
  An ogre (D)
  A jelly (D)
  Ijyb (D)
5 creatures vanquished.

Notes
Turn   | Place    | Note
-------+----------+-------------------------------------------
     0 | D        | Faca the Merfolk Gladiator began the quest for the Orb.
     0 | D        | Reached XP level 1. HP: 16/16 MP: 1/1
     1 | D        | Noticed Ijyb
     9 | D        | Killed Ijyb
     9 | D        | Reached skill level 7 in Polearms
     9 | D        | Reached XP level 2. HP: 13/26 MP: 2/2
     9 | D        | Reached XP level 3. HP: 16/32 MP: 3/3
   162 | D        | Noticed an ogre
   167 | D        | Killed an ogre
   167 | D        | Reached skill level 10 in Polearms
   167 | D        | Reached XP level 4. HP: 13/43 MP: 4/4
   390 | D        | Noticed Sigmund
   402 | D        | Killed Sigmund
   402 | D        | Reached skill level 12 in Polearms
   402 | D        | Reached XP level 5. HP: 26/53 MP: 5/5
   402 | D        | Reached XP level 6. HP: 30/60 MP: 6/6
   563 | D        | Found an ornate altar of the Wu Jian Council.
   563 | D        | Found a deep blue altar of Sif Muna.
   565 | D        | Found a radiant altar of Vehumet.
   570 | D        | Reached skill level 10 in Fighting
   570 | D        | Reached skill level 13 in Polearms
   589 | D        | Found Letsygok's Antique Armour Emporium.
   589 | D        | Found an ancient bone altar of Kikubaaqudgha.
   589 | D        | Found a hazy altar of Hepliaklqana.
   589 | D        | Found a hide-covered altar of Uskayaw.
   589 | D        | Found a basalt altar of Yredelemnul.
   589 | D        | Found an opulent altar of Gozag.
   589 | D        | Found a snail-covered altar of Cheibriados.
   589 | D        | Found a sacrificial altar of Ru.
   589 | D        | Found a shadowy altar of Dithmenos.
   589 | D        | Noticed a yak
   603 | D        | Killed a yak
   603 | D        | Reached skill level 14 in Polearms
   603 | D        | Reached XP level 7. HP: 47/68 MP: 7/7
   604 | D        | Found a stormy altar of Qazlal.
   604 | D        | Found a blossoming altar of Fedhas.
   604 | D        | Found a bloodstained altar of Trog.
   604 | D        | Found an iron altar of Okawaru.
   604 | D        | Found a glowing golden altar of the Shining One.
   604 | D        | Found a glowing silver altar of Zin.
   604 | D        | Found a white marble altar of Elyvilon.
   606 | D        | Found a sparkling altar of Nemelex Xobeh.
   610 | D        | Bought a distressingly furry scale mail for 279 gold pieces
   620 | D        | Identified the +1 scale mail of the Thunderstorm {rPois rC+
                  | rN+} (You bought it in a shop in the Dungeon)
   658 | D        | Became a worshipper of Uskayaw the Reveler
   670 | D        | Noticed Sonja
   675 | D        | Slain by Sonja

Levels and vault maps discovered:
D:        dungeon_sprint_1 [red_sonja_temple_1, red_sonja_temple_small_1]

Skill      XL: |  1  2  3  4  5  6 |
---------------+-------------------+-----
Fighting       | 4 7 9 11 | 11.2
Polearms       | 7 10 12 14 | 14.4
Throwing       | |  2.0
Dodging        | |  4.0

Action                   |  1- 3 |  4- 6 |  7- 9 || total
-------------------------+-------+-------+-------++-------
Melee: Trident           |    12 |    26 |     1 ||    39
Throw: Throwing net      |       |     3 |       ||     3
  Use: Potion            |       |     1 |     2 ||     3
 Stab: Sleeping          |     1 |       |       ||     1
Armor: Leather armour    |     2 |     3 |       ||     5
       Scale mail        |       |       |     3 ||     3
Dodge: Dodged            |     1 |     5 |     3 ||     9

Table legend:
 A = Non-vault XP
 B = Vault XP
 C = Vault XP percentage of total XP
 D = Non-vault monster count
 E = Vault monster count
 F = Vault count percentage of total count
                 A         B        C        D         E       F
            +---------+---------+-------+---------+---------+-------
      Total |       0 |     635 | 100.0 |       0 |       5 | 100.0
            +---------+---------+-------+---------+---------+-------
          D |       0 |     635 | 100.0 |       0 |       5 | 100.0
            +---------+---------+-------+---------+---------+-------
